 Dungeon Crawl Stone Soup version 0.25-a0-651-g8c222c7a2b (webtiles) character file.

Game seed: 4984710215066247583, levelgen mode: deterministic

858 Eurus the Conjurer (level 7, -3/46 HPs)
             Began as a Mummy Conjurer on Mar 22, 2020.
             Was an Initiate of Ashenzari.
             Killed from afar by an orc wizard (10 damage)
             ... with a puff of flame
             ... on level 5 of the Dungeon.
             The game lasted 00:14:22 (6024 turns).

Eurus the Conjurer (Mummy Conjurer)                 Turns: 6024, Time: 00:14:23

Health: -3/46      AC:  5    Str: 11    XL:     7   Next: 71%
Magic:  2/15       EV: 12    Int: 16    God:    Ashenzari [......]
Gold:   221        SH:  0    Dex: 16    Spells: 10/17 levels left

rFire    x . .     SeeInvis .   b - +0 dagger
rCold    + . .     Gourm    .   (no shield)
rNeg     + + +     Faith    .   a - +0 robe
rPois    ∞         Spirit   .   (no helmet)
rElec    .         Reflect  .   j - +1 cloak (curse)
rCorr    .         Harm     .   h - +0 pair of gloves
MR       .....                  (no boots)
Stlth    ++........             (no amulet)
HPRegen  0.15/turn              p - +3 ring of dexterity
MPRegen  0.14/turn              (no ring)

@: no status effects
A: no food or potions, fire vulnerability, cold resistance 1, negative energy
resistance 3, torment resistance, unbreathing
a: Curse Item, Renounce Religion


You were on level 5 of the Dungeon.
You worshipped Ashenzari.
Ashenzari was noncommittal.
You were not hungry.

You visited 1 branch of the dungeon, and saw 5 of its levels.

You collected 221 gold pieces.

Inventory:

Hand Weapons
 b - a +0 dagger (weapon)
Armour
 a - a +0 robe (worn)
 h - a +0 pair of gloves (worn)
 j - a cursed +1 cloak (worn)
 k - a +0 leather armour
Jewellery
 p - a +3 ring of dexterity (left hand)
Wands
 f - a wand of scattershot (3)
 n - a wand of digging (5)
 o - a wand of polymorph (6)
Scrolls
 c - a scroll of amnesia {unknown}
 d - a scroll of immolation {unknown}
 e - 2 scrolls of remove curse
 g - a scroll of fear {unknown}
 i - 2 scrolls of identify
 l - 2 scrolls of blinking
 m - a scroll of teleportation


   Skills:
 + Level 2.7 Armour
 - Level 1.5 Dodging
 - Level 1.5 Stealth
 + Level 5.7 Spellcasting
 * Level 6.1 Conjurations
 + Level 2.0 Translocations


You had 10 spell levels left.
You knew the following spells:

 Your Spells              Type           Power        Failure   Level  Hunger
a - Magic Dart            Conj           ###.         1%          1    N/A
b - Searing Ray           Conj           ###...       1%          2    N/A
c - Iskenderun's Mystic   Conj/Tloc      ###.....     26%         4    N/A

Your spell library contained the following spells:

 Spells                   Type           Power        Failure   Level  Hunger
 Dazzling Flash           Conj/Hex       ##....       12%         3    N/A
 Fulminant Prism          Conj/Hex       ##........   36%         4    N/A

Dungeon Overview and Level Annotations

Branches:
Dungeon (5/15)
 Temple: D:4-7

Altars:
Ashenzari
Cheibriados
Dithmenos
Gozag
Ru

Shops:
D:4 ::[

Annotations:
D:4 Sigmund


Innate Abilities, Weirdness & Mutations

You do not eat or drink.
Your flesh is vulnerable to fire.
You are immune to poison.
Your flesh is cold resistant. (rC+)
You are immune to negative energy. (rN+++)
You are immune to unholy pain and torment.
You can survive without breathing.


Message History

* * * LOW HITPOINT WARNING * * *
You're too confused to move!
Something hits you but does no damage.
You bump into the stone wall.
Something hits you.
* * * LOW HITPOINT WARNING * * *
You closely miss something.
You feel less confused.
You hear some strange, mumbled words.
A magic dart appears from out of thin air!
The magic dart hits you.
* * * LOW HITPOINT WARNING * * *
Casting: Searing Ray (safe; 1% risk of failure)
Confirm with . or Enter, or press ? or * to list all spells.
You can't see any susceptible monsters within range! (Use Z to cast anyway.)
You hit something but do no damage. Something hits you.
* * * LOW HITPOINT WARNING * * *
You hit something but do no damage.
You hear some strange, mumbled words.
A puff of flame appears from out of thin air!
The puff of flame hits you! The fire burns you terribly!
You die...

.....≈≈.≈≈_ ......#..... .
#..≈≈≈≈≈# ......<....
.##...≈≈≈.# .........#
#......#..# ......$.#
#.......<.# #......#
#.#.......# #.....#
##..#...#.##
##.....###+##...##...##
#......){@.#.##......#
##....######.##..###.##
.###.....# #....#.###.†.##
.........####.####.#####..#
............#.# #..###...##
#..>..........# ##..##....#
#..#..........####..##.....#
..####.......###........#.##
.. #.......# #........#...


There were no monsters in sight!

Vanquished Creatures
  2 phantoms (D:4)
  2 ogres (D:4)
  A scorpion (D:4)
  A bullfrog zombie (D:4)
  2 orc priests (D:4)
  A hound (D:4)
  3 orc wizards
  Jessica (D:3)
  Ijyb (D:3)
  2 worker ants (D:4)
  A howler monkey skeleton (D:5)
  6 adders
  An adder skeleton (D:4)
  3 dart slugs
  5 worms
  2 leopard geckos (D:4)
  8 orcs
  4 giant cockroaches
  4 goblins
  8 hobgoblins
  5 jackals
  4 quokkas
  2 ball pythons (D:2)
  A bat (D:1)
  3 frilled lizards
  8 kobolds
  6 rats
87 creatures vanquished.

Notes
Turn   | Place    | Note
-------+----------+-------------------------------------------
     0 | D:1      | Eurus the Mummy Conjurer began the quest for the Orb.
     0 | D:1      | Reached XP level 1. HP: 13/13 MP: 4/4
   328 | D:1      | Reached XP level 2. HP: 19/19 MP: 1/6
   333 | D:1      | Learned a level 2 spell: Searing Ray
  1058 | D:2      | Found a sacrificial altar of Ru.
  1228 | D:2      | Found a shadowy altar of Dithmenos.
  1413 | D:2      | Reached XP level 3. HP: 24/24 MP: 5/7
  1893 | D:2      | Reached skill level 4 in Conjurations
  2196 | D:2      | Found a shattered altar of Ashenzari.
  2199 | D:2      | Became a worshipper of Ashenzari the Shackled
  2412 | D:3      | Noticed Ijyb
  2416 | D:3      | Killed Ijyb
  2416 | D:3      | Reached XP level 4. HP: 30/30 MP: 4/9
  3077 | D:3      | Noticed Jessica
  3079 | D:3      | Killed Jessica
  3079 | D:3      | Reached XP level 5. HP: 35/35 MP: 8/11
  3673 | D:4      | Noticed Sigmund
  3737 | D:4      | Reached skill level 1 in Armour
  3798 | D:4      | Reached skill level 5 in Conjurations
  3887 | D:4      | Reached XP level 6. HP: 38/41 MP: 3/12
  4139 | D:4      | Learned a level 4 spell: Iskenderun's Mystic Blast
  4313 | D:4      | Found Diahan's Book Boutique.
  4406 | D:4      | Found Emepam's Book Shop.
  4435 | D:4      | Reached skill level 5 in Spellcasting
  4545 | D:4      | Found an opulent altar of Gozag.
  5038 | D:4      | Reached skill level 1 in Translocations
  5058 | D:4      | Reached XP level 7. HP: 46/46 MP: 6/14
  5145 | D:4      | Found Buur's Antique Armour Shop.
  5312 | D:4      | Found a shadowy altar of Dithmenos.
  5793 | D:5      | Entered Level 5 of the Dungeon
  5813 | D:4      | Reached skill level 6 in Conjurations
  5874 | D:5      | Found a snail-covered altar of Cheibriados.
  6024 | D:5      | Killed from afar by an orc wizard

Levels and vault maps discovered:
D:1:      dpeg_arrival_tiny_g, layout_loops_ring, serial_glass, glass_columns_c,
          glass_columns_b
D:2:      layout_basic, marbit_many_paths, overflow_temple_1_default,
          lemuel_altar_in_water
D:3:      layout_basic, uniq_ijyb, uniq_jessica
D:4:      layout_gridville, nicolae_gozag_seed_capital, serial_shops,
          shop_statue, shop, nicolae_shop_stone, grunt_dithmenos_shadows,
          uniq_sigmund
D:5:      layout_cave_pools, fedhas_ov_isle_minmay,
          gammafunk_temple_overflow_statue, first_ration,
          eino_small_chamber_without_monster, kennysheep_slug_shrine

Skill      XL: |  1  2  3  4  5  6  7 |
---------------+----------------------+-----
Spellcasting   | 3 4 5 |  5.7
Conjurations   | 4 5 6 |  6.1
Armour         | 1 2 |  2.7
Translocations | 1 2 |  2.0
Dodging        | |  1.5
Stealth        | |  1.5

Action                   |  1- 3 |  4- 6 |  7- 9 || total
-------------------------+-------+-------+-------++-------
Melee: Unarmed           |     1 |       |       ||     1
       Dagger            |    40 |    27 |    21 ||    88
 Cast: Magic Dart        |    65 |    20 |    10 ||    95
       Searing Ray       |     4 |    20 |    15 ||    39
Invok: Curse Item        |       |       |     1 ||     1
  Use: Scroll            |       |     2 |       ||     2
 Stab: Sleeping          |     2 |       |       ||     2
Armor: Robe              |    13 |    10 |     4 ||    27
Dodge: Dodged            |    32 |    27 |    18 ||    77

Table legend:
 A = Non-vault XP
 B = Vault XP
 C = Vault XP percentage of total XP
 D = Non-vault monster count
 E = Vault monster count
 F = Vault count percentage of total count
                 A         B        C        D         E       F
            +---------+---------+-------+---------+---------+-------
      Total |    1024 |     203 |  16.5 |      82 |       5 |   5.7
            +---------+---------+-------+---------+---------+-------
        D:1 |      27 |       0 |   0.0 |      18 |       0 |   0.0
        D:2 |      48 |       2 |   4.0 |      16 |       1 |   5.9
        D:3 |      67 |      73 |  52.1 |      15 |       2 |  11.8
        D:4 |     808 |     124 |  13.3 |      25 |       1 |   3.8
        D:5 |      74 |       4 |   5.1 |       8 |       1 |  11.1
            +---------+---------+-------+---------+---------+-------
